 Dungeon Crawl Stone Soup version 0.18-a0-1745-gffa9a88 (webtiles) character file.

22 MrRokkomies the Caller (level 2, -6/11 HPs)
             Began as a Felid Summoner on Apr 12, 2016.
             Killed by nerve-wracking pain
             ... invoked by Jessica
              (12 damage)
             ... on level 2 of the Dungeon.
             The game lasted 00:04:17 (1880 turns).

MrRokkomies the Caller (Felid Summoner)             Turns: 1880, Time: 00:04:18

Health: -6/11      AC:  1    Str:  4    XL:     2   Next: 68%
Magic:  4/6        EV: 18    Int: 16    God:
Gold:   83         SH:  0    Dex: 16    Spells: 2 memorised, 2 levels left
                                        Lives:  0   Deaths: 0

rFire  . . .     SeeInvis +       - Unarmed
rCold  . . .     Gourm    .     (armour unavailable)
rNeg   . . .     Faith    .     (shield unavailable)
rPois  .         Spirit   .     (helmet unavailable)
rElec  .         Dismiss  +     (cloak unavailable)
rCorr  .         Reflect  .     (gloves unavailable)
SustAt .         Harm     .     (boots unavailable)
MR     .....                    f - amulet of dismissal
Stlth  +++.......               (no ring)
                                (no ring)

@: slowed, slow, not resistant to hostile enchantments, fairly stealthy
A: no armour, no weapons or thrown items, claws 1, fangs 3, see invisible,
carnivore 3, speed 1, shaggy fur 1, slow metabolism 1, sharp paws
a: no special abilities


You were on level 2 of the Dungeon.
You were not hungry.

You visited 1 branch of the dungeon, and saw 2 of its levels.

You collected 83 gold pieces.

Inventory:

Jewellery
 f - an amulet of dismissal (around neck)
Scrolls
 g - 4 scrolls of fear {unknown}
 i - a scroll of enchant armour {unknown}
 j - a scroll of remove curse {unknown}
 k - a scroll of random uselessness {unknown}
 l - 2 scrolls of enchant weapon {unknown}
Potions
 c - a potion of cure mutation {unknown}
 d - 2 potions of brilliance {unknown}
 e - a potion of curing {unknown}
 h - a potion of ambrosia {unknown}
Books
 a - a book of Callings

   Spells                             Type                      Level
   a - Summon Small Mammal            Summoning                    1
   b - Call Imp                       Summoning                    2
   c - Call Canine Familiar           Summoning                    3
   d - Summon Guardian Golem          Hexes/Summoning              3
   e - Summon Lightning Spire         Summoning/Air                4
   f - Summon Ice Beast               Ice/Summoning                4
Comestibles
 b - a meat ration


   Skills:
 - Level 2.6 Dodging
 - Level 2.6 Stealth
 * Level 1.6 Unarmed Combat
 - Level 2.0 Spellcasting
 * Level 4.4 Summonings


You had 2 spell levels left.
You knew the following spells:

 Your Spells              Type           Power        Failure   Level  Hunger
a - Summon Small Mammal   Summ           ###.         4%          1    #......
b - Call Imp              Summ           ###.....     8%          2    ###....


Dungeon Overview and Level Annotations

Branches:
Dungeon (2/15)

Altars:
The Shining One

Annotations:
D:2 Jessica, Terence


Innate Abilities, Weirdness & Mutations

You cannot wear armour.
You are incapable of wielding weapons or throwing items.
You have sharp claws.
You have razor-sharp teeth.
You have supernaturally acute eyesight.
You are carnivorous and can eat meat at any time.
You cover ground quickly.
You are covered in fur (AC +1).
You have a slow metabolism.
Your sharp claws are effective at attacking unaware monsters.


Message History

Jessica blinks!
Terence says, "How do you enjoy it?"
Jessica gestures wildly while chanting.
Jessica blinks!
Found 17 gold pieces.
Jessica gestures at you while chanting.
You feel yourself slow down.
Jessica casts a spell.
Jessica blinks!
Jessica grins evilly.
Jessica casts a spell.
Jessica blinks!
Save game and exit?
Level annotation: Jessica, Terence Welcome back, MrRokkomies the Felid Summoner.
Press ? for a list of commands and other information.
Jessica gestures at you while chanting. Pain shoots through your body!
Ouch! That really hurt!
You die...

#..####.........(
#.######........#.##....
........................
............@......#....
.......................
.......................
###...................
#<...?................
#.#<.@@.g.............
#.....................
#####.....#.....#.#.#.
#.######.......... ....
........... ...###
...#..$..... ... ...
.?.. .. .. .


You could see Terence, Jessica and a goblin.

Vanquished Creatures
  A dart slug (D:1)
  A giant gecko (D:1)
  3 giant cockroaches (D:1)
  A jackal (D:2)
  A ball python (D:1)
  3 bats (D:1)
  A giant newt (D:1)
  2 kobolds
  7 rats
20 creatures vanquished.

Vanquished Creatures (collateral kills)
  2 hobgoblins (D:1)
  A jackal (D:2)
3 creatures vanquished.

Grand Total: 23 creatures vanquished

Notes
Turn   | Place    | Note
--------------------------------------------------------------
     0 | D:1      | MrRokkomies the Felid Summoner began the quest for the Orb.
     0 | D:1      | Reached XP level 1. HP: 7/7 MP: 4/4
   314 | D:1      | Reached skill level 1 in Unarmed Combat
   388 | D:1      | Reached XP level 2. HP: 4/11 MP: 6/6
   604 | D:1      | Learned a level 2 spell: Call Imp
  1539 | D:1      | Found a glowing golden altar of the Shining One.
  1630 | D:2      | Noticed Terence
  1837 | D:2      | Noticed Jessica
  1880 | D:2      | Killed from afar by Jessica

Vault maps used:
D:1:      roderic_crossed_star, tso_altar
D:2:      eino_tiny_chamber, uniq_terence, uniq_jessica

Skill      XL: |  1 |
---------------+----+-----
Unarmed Combat | 1 |  1.6
Dodging        | |  2.6
Stealth        | |  2.6
Spellcasting   | |  2.0
Summonings     | |  4.4

Action                   || total
-------------------------++-------
Melee: Unarmed           ||    58
 Cast: Summon Small Mamm ||     5
       Call Imp          ||     7
 Stab: Sleeping          ||     8
  Eat: Chunk             ||     1
